 Dungeon Crawl Stone Soup version 0.29-a0-100-g60f898f876 (webtiles) character file.

Game seed: 11806526233215053574

140 drugrobin the Poker (level 4, -6/36 HPs)
             Began as a Demigod Warper on Feb 15, 2022.
             Mangled by an ogre (26 damage)
             ... on level 3 of the Dungeon.
             The game lasted 00:10:44 (4943 turns).

drugrobin the Poker (Demigod Warper)                Turns: 4943, Time: 00:10:45

Health: -6/36      AC:  5    Str: 16    XL:     4   Next: 71%
Magic:  9/9        EV: 11    Int: 15    God:
Gold:   175        SH:  0    Dex: 13    Spells: 3/6 levels left

rFire   . . .      SeeInvis .   a - +0 spear
rCold   . . .      Faith    .   (no shield)
rNeg    . . .      Spirit   .   b - +0 leather armour
rPois   .          Reflect  .   o - +0 helmet
rElec   .          Harm     .   k - +0 cloak
rCorr   .          Rampage  .   (no gloves)
Will    .....                   (no boots)
Stlth   +.........              (no amulet)
HPRegen 0.12/turn               (no ring)
MPRegen 0.11/turn               (no ring)

@: no status effects
A: high MP 1, forlorn, divine attributes
a: no special abilities


You were on level 3 of the Dungeon.
You visited 1 branch of the dungeon, and saw 3 of its levels.

You collected 175 gold pieces.

Inventory:

Hand Weapons
 a - a +0 spear (weapon)
Missiles
 d - a boomerang of dispersal
 j - 35 sling bullets
 n - 65 stones (quivered)
Armour
 b - a +0 leather armour (worn)
 k - a +0 cloak (worn)
 o - a +0 helmet (worn)
Jewellery
 i - a ring of magical power
Scrolls
 c - 2 scrolls of blinking
 f - 2 scrolls of magic mapping {unknown}
 g - 3 scrolls of teleportation {unknown}
 h - a scroll of enchant armour {unknown}
 l - 2 scrolls of identify {unknown}
 m - a scroll of fear {unknown}
Potions
 e - a potion of curing {unknown}
 p - a potion of mutation {unknown}
 q - a potion of magic {unknown}


   Skills:
 - Level 1.7 Fighting
 + Level 4.8 Polearms
 - Level 0.8 Throwing
 - Level 0.8 Armour
 - Level 1.7 Dodging
 - Level 1.7 Spellcasting
 - Level 2.6 Translocations


You had 3 spell levels left.
You knew the following spells:

 Your Spells              Type           Power      Damage    Failure   Level
a - Blink                 Tloc           18%        N/A       14%         2
b - Summon Small Mammal   Summ           4%         N/A       28%         1

Your spell library contained the following spells:

 Spells                   Type           Power      Damage    Failure   Level
 Slow                     Hex            4%         N/A       28%         1
 Gell's Gravitas          Tloc           9%         N/A       28%         3
 Lesser Beckoning         Tloc           9%         N/A       28%         3
 Teleport Other           Tloc           9%         N/A       28%         3
 Call Canine Familiar     Summ           1%         N/A       63%         3
 Confusing Touch          Hex            1%         N/A       63%         3
 Summon Guardian Golem    Hex/Summ       1%         N/A       63%         3
 Vampiric Draining        Necr           1%         2d6       63%         3
 Manifold Assault         Tloc           9%         N/A       95%         5


Dungeon Overview and Level Annotations

Branches:
Dungeon (3/15)

Shops:
D:2 [


Innate Abilities, Weirdness & Mutations

You have an increased reservoir of magic. (+10% MP)
You shall have no god before yourself.
Your divine heritage dramatically boosts your attributes as you level up.


Message History

The ogre is lightly wounded.
Your bat hits the ogre but does no damage.
The ogre misses your bat.
Unknown command.
Reach: a) +0 spear
Press: ? - help, Dir - move target, f/p - ogre
Aim: an ogre, wielding a +0 giant club (lightly wounded, ally target, about 24% to evade your +0 spear)
You reach to attack!
You hit the ogre.
The ogre is lightly wounded.
Your bat hits the ogre but does no damage. x2
Unknown command.
You completely miss the ogre.
The ogre is lightly wounded.
Your bat barely misses the ogre.
Unknown command.
You hit the ogre but do no damage.
The ogre is lightly wounded.
Your bat barely misses the ogre.
The ogre barely misses you.
Unknown command.
You hit the ogre.
The ogre is lightly wounded.
Your bat closely misses the ogre.
The ogre hits you with a +0 giant club!!
Ouch! That really hurt!
Your magical contamination has completely faded away.
Unknown command.
Your bat hits the ogre.
Okay, then.
Your bat hits the ogre but does no damage.
Your bat hits the ogre but does no damage. x2
Your bat hits the ogre but does no damage.
Your bat barely misses the ogre.
Your bat closely misses the ogre.
Your bat hits the ogre. Your bat hits the ogre.
Your bat disappears in a puff of smoke!
You open the door.
The ogre hits you with a +0 giant club!!
Ouch! That really hurt!
You die...

###### #....# #....#
#....# #....############
# #...<............ #.
#.........#######
..≈#..####.......##.....
......'@O........''.....
.♣....####.......##.....
......####.......##.....
..≈#.............##.....
.≈ #######.......##.....
. #.......####+##
#.......# #.<#
#.......####..#
#..........#..#


You could see an ogre.

Vanquished Creatures
  A hound (D:2)
  3 gnolls
  2 adders (D:2)
  A worm (D:3)
  7 endoplasms
  A giant cockroach (D:2)
  5 goblins
  5 hobgoblins
  5 kobolds
  A quokka (D:1)
  8 ball pythons
  5 bats
  5 frilled lizards
  4 rats
53 creatures vanquished.

Vanquished Creatures (collateral kills)
  A gnoll (D:2)
1 creature vanquished.

Vanquished Creatures (others)
  A plant (D:3)
  2 withered plants (D:3)
3 creatures vanquished.

Grand Total: 57 creatures vanquished

Notes
Turn   | Place    | Note
-------+----------+-------------------------------------------
     0 | D:1      | drugrobin the Demigod Warper began the quest for the Orb.
     0 | D:1      | Reached XP level 1. HP: 17/17 MP: 5/5
   126 | D:1      | Reached skill level 2 in Polearms
   984 | D:1      | Reached XP level 2. HP: 22/24 MP: 7/7
  1092 | D:1      | Reached skill level 3 in Polearms
  1963 | D:2      | Reached XP level 3. HP: 29/29 MP: 8/8
  2711 | D:2      | Found Xusus's Antique Armour Emporium.
  3457 | D:1      | Learned a level 2 spell: Blink
  3459 | D:1      | Learned a level 1 spell: Summon Small Mammal
  3813 | D:2      | Reached skill level 4 in Polearms
  3813 | D:2      | Reached XP level 4. HP: 25/36 MP: 9/9
  4893 | D:3      | Noticed an ogre
  4943 | D:3      | Mangled by an ogre

Illustrated notes

Levels and vault maps discovered:
D:1:      minmay_arrival_wavy_path, layout_basic, serial_rivers,
          chequers_serial_rivers_large_b, chequers_serial_rivers_room_b,
          chequers_serial_rivers_micro_e, chequers_serial_rivers_micro_e,
          chequers_serial_rivers_micro_a, minmay_indecisive_spiral
D:2:      minmay_chambers_of_twos, layout_loops_cross, serial_shops, shop
D:3:      layout_basic, elyvilon_altar_4, mainiacjoe_overflow_alcove_2,
          ebering_ecumenical_altar_petrified, serial_bayou_crossing

Skill      XL: |  1  2  3 |
---------------+----------+-----
Polearms       | 2 3 4 |  4.8
Fighting       | |  1.7
Throwing       | |  0.8
Armour         | |  0.8
Dodging        | |  1.7
Spellcasting   | |  1.7
Translocations | |  2.6

Action                   |  1- 3 |  4- 6 || total
-------------------------+-------+-------++-------
Melee: Spear             |   201 |    46 ||   247
       Punch             |     4 |       ||     4
Throw: Boomerang         |     4 |       ||     4
       Stone             |       |     4 ||     4
 Cast: Summon Small Mamm |       |     7 ||     7
       Blink             |       |     5 ||     5
Armor: Leather armour    |    42 |    10 ||    52
Dodge: Dodged            |   101 |    18 ||   119

Table legend: (Time is in decaauts)
 A = Elapsed time spent in this place.
 B = Non-inter-level travel time spent in this place.
 C = Inter-level travel time spent in this place.
 D = Time resting spent in this place.
 E = Time spent auto-exploring this place.
 F = Levels seen in this place.
 G = Mean time per level.
                   A        B        C        D        E       F      G
               +--------+--------+--------+--------+--------+-----+--------+
         Total |   4963 |   4756 |    207 |   1558 |   2348 |   3 | 1654.3 |
       Dungeon |   4963 |   4756 |    207 |   1558 |   2348 |   3 | 1654.3 |
               +--------+--------+--------+--------+--------+-----+--------+

Top non-repeatable levels by time:
     D:1: 2813 daAuts
     D:2: 1943 daAuts
     D:3: 206 daAuts
